 Dungeon Sprint DCSS version 0.27-a0-1051-g288ea87c7c (webtiles) character file.

Game seed: 1623934342198345240

2746 mhtbhm the Scorcher (level 9, -19/45 HPs)
             Began as a Deep Elf Fire Elementalist on Apr 20, 2021.
             Was the Champion of Vehumet.
             Demolished by a death scarab (21 damage)
             ... summoned by a royal mummy
             ... in the Dungeon (Sprint V: "Ziggurat Sprint").
             The game lasted 00:04:11 (903 turns).

mhtbhm the Scorcher (Deep Elf Fire Elementalist)     Turns: 903, Time: 00:04:11

Health: -19/45     AC:  7    Str:  5    XL:     9   Next: 41%
Magic:  8/28       EV: 16    Int: 36    God:    Vehumet [******]
Gold:   0          SH:  5    Dex: 15    Spells: 11/35 levels left

rFire    + . .     SeeInvis .   C - +8 lance "Wyrmbane" {slay drac, rPois rF+ rC+ AC+3}
rCold    + + .     Faith    .   (no shield)
rNeg     . . .     Spirit   .   a - +2 robe {rC+}
rPois    +         Reflect  +   (no helmet)
rElec    .         Harm     .   t - scarf {repulsion}
rCorr    .         Rampage  .   (no gloves)
Will     .....     NoTele   +   (no boots)
Stlth    +++.......             s - amulet of reflection
HPRegen  0.15/turn              u - +6 ring of intelligence
MPRegen  0.21/turn              v - +6 ring of intelligence

@: slowed, studying 2 skills, repel missiles, very slow
A: no striking features
a: Renounce Religion


You were in the Dungeon.
You worshipped Vehumet.
Vehumet was exalted by your worship.
You visited 1 branch

Inventory:

Hand Weapons
 C - the +8 lance "Wyrmbane" (weapon) {slay drac, rPois rF+ rC+ AC+3}
   (You found it in the Dungeon)

   It affects your AC (+3).
   It protects you from fire.
   It protects you from cold.
   It protects you from poison.
Armour
 a - a +2 robe of cold resistance (worn)
 t - a scarf of repulsion (worn)
Jewellery
 r - the ring "Okujuliu" {rF++ MP+9 Dex-4}
   (You took it off a spriggan in the Dungeon)

   [ring of magical power]

   It affects your dexterity (-4).
   It greatly protects you from fire.
   It affects your magic capacity (+9).
 s - an amulet of reflection (around neck)
 u - a +6 ring of intelligence (left hand)
 v - a +6 ring of intelligence (right hand)
Wands
 y - a wand of mindburst (7)
 z - a wand of iceblast (4)
 A - a wand of acid (6)
Scrolls
 h - a scroll of blinking
 m - 4 scrolls of amnesia
 n - 7 scrolls of fog
 o - a scroll of holy word
 p - 5 scrolls of identify
 q - 2 scrolls of fear
Potions
 b - 2 potions of brilliance
 c - 10 potions of curing
 d - 9 potions of heal wounds
 e - 6 potions of haste
 f - 7 potions of magic
 g - 3 potions of berserk rage
 i - 2 potions of invisibility
 j - 4 potions of resistance
 k - a potion of experience
 l - 5 potions of might
Miscellaneous
 B - a lightning rod (4/4)


   Skills:
 + Level 8.9 Dodging
 - Level 6.2 Stealth
 + Level 13.7 Spellcasting
 + Level 6.3 Conjurations
 + Level 16.1 Fire Magic
 + Level 5.4 Evocations


You had 11 spell levels left.
You knew the following spells:

 Your Spells              Type           Power      Damage    Failure   Level
a - Foxfire               Conj/Fire      100%       2x1d9     0%          1
b - Conjure Flame         Conj/Fire      82%        6-21      1%          3
c - Inner Flame           Hex/Fire       70%        N/A       1%          3
d - Sticky Flame          Conj/Fire      82%        2d9       1%          4
e - Fireball              Conj/Fire      41%        3d17      1%          5
f - Ignition              Fire           48%        3d14      4%          8

Your spell library contained the following spells:

 Spells                   Type           Power      Damage    Failure   Level
 Ignite Poison            Fire/Tmut/Pois 59%        N/A       1%          3
 Corona                   Hex            26%        N/A       1%          1
 Summon Small Mammal      Summ           96%        N/A       1%          1
 Searing Ray              Conj           100%       3d7       1%          2
 Static Discharge         Conj/Air       47%        N/A       1%          2
 Dazzling Flash           Conj/Hex       94%        N/A       1%          3
 Bolt of Magma            Conj/Fire/Erth 34%        4d15      1%          5
 Ensorcelled Hibernation  Hex/Ice        48%        N/A       2%          2
 Passwall                 Tmut/Erth      20%        N/A       2%          2
 Lightning Bolt           Conj/Air       23%        1d39      3%          5
 Confusing Touch          Hex            24%        N/A       4%          3
 Gell's Gravitas          Tloc           12%        N/A       4%          3
 Portal Projectile        Hex/Tloc       48%        N/A       4%          3
 Tukima's Dance           Hex            24%        N/A       4%          3
 Yara's Violent Unravell  Hex/Tmut       12%        3d7       12%         5
 Passage of Golubria      Tloc           N/A        N/A       16%         4
 Petrify                  Tmut/Erth      24%        N/A       16%         4
 Iron Shot                Conj/Erth      23%        9d5       17%         6
 Manifold Assault         Tloc           24%        N/A       41%         5
 Metabolic Englaciation   Hex/Ice        12%        N/A       41%         5
 Summon Forest            Summ/Tloc      12%        N/A       41%         5
 Dispersal                Tloc           12%        N/A       94%         6
 Disjunction              Tloc           12%        N/A       100%        8
 Shatter                  Erth           12%        3d13*     100%        9
 Tornado                  Air            12%        N/A       100%        9


Dungeon Overview and Level Annotations

Branches:
Dungeon (1/1)

Altars:
Ashenzari
Cheibriados
Dithmenos
Elyvilon
Fedhas
Gozag
Hepliaklqana
Kikubaaqudgha
Makhleb
Nemelex Xobeh
Okawaru
Qazlal
Ru
Sif Muna
Trog
Uskayaw
Vehumet
Wu Jian
Xom
Yredelemnul
Zin
The Shining One
Beogh
Jiyva
Lugonu

Annotations:
D 1 transporter


Message History

The royal mummy gestures wildly while chanting.
Unknown command.
Unknown command.
Okay, then.
You feel much better.
You are engulfed in dark miasma.
You feel as though you will be slow longer.
Unknown command.
Casting: Ignition (extremely dangerous; 4% risk of failure)
Confirm with . or Enter, or press ? or * to list all spells.
Aiming: Fireball (safe; 1% risk of failure)
Press: ? - help, Shift-Dir - straight line, f - royal mummy
Aim: a royal mummy (severely damaged)
The fireball explodes!
The fireball engulfs the royal mummy!!
The royal mummy is almost destroyed.
You are engulfed in dark miasma.
You feel as though you will be slow longer.
* * * LOW HITPOINT WARNING * * *
The death scarab closely misses you.
The royal mummy gestures wildly while chanting.
Unknown command.
Unknown command.
Blink to where?
Press: ? - help, Dir - move target, p - royal mummy
As you read the scroll of blinking, it crumbles to dust.
You block the death scarab's attack.
Found a transporter.
Unknown command.
Okay, then.
Blink to where?
Press: ? - help, Dir - move target
As you read the scroll of blinking, it crumbles to dust.
The death scarab waves its antennae.
The death scarab bites you.
* * * LOW HITPOINT WARNING * * *
The death scarab draws strength from your injuries!
Blink to where?
Press: ? - help, Dir - move target
As you read the scroll of blinking, it crumbles to dust.
The death scarab bites you!!
You die...

▓▓▓▓▓▓▓▓▓▓▓▓▓▓▓▓▓▓▓
▓.§.8©8...▓..8©8..▓
▓..?))|..§▓..).)..▓
▓...))|...▓..)"...▓
▓.........▓...÷...▓
▓...M..B..▓.......▓
▓......BB.▓...÷...▓
▓......BB.▓.......▓
▓.▓.....▓@▓.▓...▓.▓
▓....©....▓...©...▓
▓▓▓▓▓▓▓▓▓▓▓▓▓▓▓▓▓▓▓
▓..8©8..▓ ▓..[)...▓
▓...)...▓ ▓..)....▓
▓.......▓ ▓.......▓


You could see a royal mummy and 5 death scarabs.

Vanquished Creatures
  A spriggan druid (D)
  A cane toad (D)
  A guardian mummy (D)
  2 spriggans (D)
  2 ushabtiu (D)
  A golden eye (D)
  A water moccasin (D)
  2 black bears (D)
  A necrophage (D)
  2 wolves (D)
  A phantom (D)
  3 bullfrogs (D)
  2 orc priests (D)
  3 iguanas (D)
  A mummy (D)
  4 river rats (D)
  An adder skeleton (D)
  3 orcs (D)
  An endoplasm (D)
  A jackal (D)
  2 ball python zombies (D)
36 creatures vanquished.

Notes
Turn   | Place    | Note
-------+----------+-------------------------------------------
     0 | D        | mhtbhm the Deep Elf Fire Elementalist began the quest for
                  | the Orb.
     0 | D        | Reached XP level 1. HP: 10/10 MP: 6/6
     0 | D        | Found a shimmering blue altar of Sif Muna.
     0 | D        | Found a bloodstained altar of Trog.
     0 | D        | Found a sacrificial altar of Ru.
     0 | D        | Found a stormy altar of Qazlal.
     0 | D        | Found an iron altar of Okawaru.
     1 | D        | Found a sparkling altar of Nemelex Xobeh.
     1 | D        | Found a blossoming altar of Fedhas.
     2 | D        | Found the +6 Majin-Bo {vamp, MP+6 Int+6}
     2 | D        | Found the +9 heavy crossbow "Sniper" {vorpal, Acc+∞ SInv}
     2 | D        | Found the +10 dark maul {vorpal}
     2 | D        | Found the +15 Maxwell's patent armour {-Cast -Tele rElec
                  | Will+ rCorr}
     2 | D        | Found the +18 shield of the Gong {rElec rN+ Will+ EV-5}
     2 | D        | Found the +14 obsidian axe {vorpal, Drain Fly SInv}
     2 | D        | Found the +7 great mace "Firestarter" {inner flame, rF++}
     2 | D        | Found the +6 shillelagh "Devastator" {shatter}
     2 | D        | Found the +11 plutonium sword {Contam Stlth-}
     2 | D        | Found the +8 lance "Wyrmbane" {slay drac, rPois rF+ rC+
                  | AC+3}
     2 | D        | Found the +9 sword of Zonguldrok {reap}
     2 | D        | Found the +13 scythe of Curses {drain, Drain}
     2 | D        | Found the +5 sword of Power {vorpal}
     2 | D        | Found the +7 mace of Variability {chain chaos}
     2 | D        | Found the +7 Singing Sword {vorpal, sonic wave}
     2 | D        | Found the +8 storm bow {elec, penet}
     3 | D        | Found a transporter.
     3 | D        | Found an ancient bone altar of Kikubaaqudgha.
     3 | D        | Found a viscous altar of Jiyva.
     3 | D        | Found a corrupted altar of Lugonu.
     3 | D        | Found a hazy altar of Hepliaklqana.
     3 | D        | Found a burning altar of Makhleb.
     3 | D        | Found an opulent altar of Gozag.
    39 | D        | Became a worshipper of Vehumet
    59 | D        | Entered arena 2.
    59 | D        | Noticed a golden eye
    59 | D        | Found a transporter.
    60 | D        | Killed a golden eye
    61 | D        | Reached skill level 8 in Fire Magic
    61 | D        | Reached XP level 2. HP: 15/15 MP: 7/11
    61 | D        | Reached XP level 3. HP: 19/19 MP: 7/12
    61 | D        | Reached XP level 4. HP: 24/24 MP: 8/14
   211 | D        | Learned a level 3 spell: Conjure Flame
   215 | D        | Learned a level 3 spell: Inner Flame
   220 | D        | Learned a level 4 spell: Sticky Flame
   222 | D        | Entered arena 3.
   222 | D        | Noticed a necrophage
   222 | D        | Noticed a phantom
   222 | D        | Found a transporter.
   225 | D        | Reached * piety under Vehumet
   225 | D        | Offered knowledge of Sandblast by Vehumet.
   226 | D        | Reached XP level 5. HP: 28/28 MP: 12/16
   226 | D        | Killed a necrophage
   227 | D        | Reached skill level 5 in Dodging
   227 | D        | Reached skill level 5 in Stealth
   227 | D        | Reached skill level 10 in Fire Magic
   227 | D        | Reached skill level 1 in Evocations
   227 | D        | Killed a phantom
   228 | D        | Reached XP level 6. HP: 32/32 MP: 13/19
   241 | D        | Learned a level 5 spell: Fireball
   242 | D        | Entered arena 4.
   242 | D        | Found a transporter.
   243 | D        | Reached ** piety under Vehumet
   244 | D        | Reached skill level 11 in Fire Magic
   245 | D        | Reached skill level 12 in Fire Magic
   252 | D        | Got the Compendium of Somewhere Else
   322 | D        | Entered arena 5.
   322 | D        | Found a transporter.
   324 | D        | Reached *** piety under Vehumet
   326 | D        | Reached XP level 7. HP: 36/36 MP: 7/22
   331 | D        | Got the ring "Xavvuhe" {Contam Fly rCorr SInv}
   409 | D        | Entered arena 6.
   409 | D        | Found a transporter.
   410 | D        | Found the +8 demon trident "Rift" {distort, reach+}
   410 | D        | Offered knowledge of Poisonous Vapours by Vehumet.
   410 | D        | Reached **** piety under Vehumet
   535 | D        | Got Sif Muna's Reference Book on Earthen Dislocation
   553 | D        | Entered arena 7.
   553 | D        | Noticed a cane toad
   554 | D        | Found the +5 demon whip "Spellbinder" {antimagic, Will+}
   555 | D        | Reached ***** piety under Vehumet
   556 | D        | Reached skill level 10 in Spellcasting
   556 | D        | Reached skill level 13 in Fire Magic
   557 | D        | Killed a cane toad
   558 | D        | Reached XP level 8. HP: 41/41 MP: 10/25
   558 | D        | Found a transporter.
   761 | D        | Learned a level 8 spell: Ignition
   763 | D        | Entered arena 8.
   763 | D        | Noticed a spriggan druid
   764 | D        | Identified the ring "Okujuliu" {rF++ MP+9 Dex-4}
   764 | D        | Offered knowledge of Ignite Poison by Vehumet.
   764 | D        | Killed a spriggan druid
   765 | D        | Reached skill level 5 in Conjurations
   765 | D        | Reached skill level 15 in Fire Magic
   765 | D        | Reached XP level 9. HP: 45/45 MP: 23/27
   766 | D        | Reached ****** piety under Vehumet
   767 | D        | Reached skill level 5 in Evocations
   767 | D        | Found a transporter.
   895 | D        | Entered arena 9.
   895 | D        | Noticed a royal mummy
   895 | D        | Noticed a guardian mummy
   896 | D        | Killed a guardian mummy
   898 | D        | Reached skill level 16 in Fire Magic
   899 | D        | Noticed a death scarab
   901 | D        | Noticed a death scarab
   901 | D        | Noticed a death scarab
   901 | D        | Noticed a death scarab
   901 | D        | Noticed a death scarab
   901 | D        | Found a transporter.
   902 | D        | HP: 2/45 [death scarab[a royal mummy] (2)]
   903 | D        | Demolished by a death scarab

Illustrated notes

Levels and vault maps discovered:
D:        sprint_v [room_start, room_1, room_2, room_3, room_4, room_5, room_6,
          room_7, room_8, room_9, room_10, room_11, room_12, room_13, room_14,
          room_15, room_16, room_17, room_18, room_19, room_20, room_21,
          room_22, room_23, room_24, room_25, room_26, room_27]

Skill      XL: |  1  2  3  4  5  6  7  8  9 |
---------------+----------------------------+-----
Dodging        | 4 5 6 7 8 |  8.9
Stealth        | 4 5 6 |  6.2
Spellcasting   | 6 8 9 11 12 13 | 13.7
Fire Magic     | 8 10 12 13 15 16 | 16.1
Conjurations   | 2 4 5 6 |  6.3
Evocations     | 1 2 3 4 5 |  5.4

Action                   |  1- 3 |  4- 6 |  7- 9 || total
-------------------------+-------+-------+-------++-------
 Cast: Conjure Flame     |       |     1 |       ||     1
       Fireball          |       |     5 |     9 ||    14
       Ignition          |       |       |     4 ||     4
Evoke: Wand              |     1 |     3 |       ||     4
       Lightning rod     |       |     3 |     1 ||     4
  Use: Scroll            |       |       |     3 ||     3
       Potion            |       |       |     1 ||     1
Dodge: Dodged            |       |       |     1 ||     1
Block: Other             |       |       |     1 ||     1

Table legend: (Time is in decaauts)
 A = Elapsed time spent in this place.
 B = Non-inter-level travel time spent in this place.
 C = Inter-level travel time spent in this place.
 D = Time resting spent in this place.
 E = Time spent auto-exploring this place.
 F = Levels seen in this place.
 G = Mean time per level.
                   A        B        C        D        E       F      G
               +--------+--------+--------+--------+--------+-----+--------+
         Total |    904 |    904 |      0 |    646 |      0 |   1 |  904.0 |
       Dungeon |    904 |    904 |      0 |    646 |      0 |   1 |  904.0 |
               +--------+--------+--------+--------+--------+-----+--------+

Top non-repeatable levels by time:
       D: 904 daAuts
